Map: Nightshade LE

Players

HellraiseR

  • Race: Protoss Protoss
  • League: Grandmaster
  • Spawn Location: 11:00

MaDMarC - Winner!

  • Race: Terran Terran
  • League: Grandmaster
  • Spawn Location: 5:00

VOD

Have the link to the VOD?

Description

Time

  • Played on: May 6, 2020, 8:24 a.m.
  • Length: 12:38
Show
View Real Time Build Order
Export as new Build Order

HellraiseR Protoss 

Build Orders: 1 Gate Expand, Double Forge, Phoenix Opening, Blink Stalkers 

Get SALT Encoding   

  12  0:00  Probe  
  13  0:12  Probe  
  14  0:17  Pylon  
  14  0:24  Probe (Chrono Boost)  
  15  0:36  Probe (Chrono Boost)  
  15  0:37  Gateway  
  16  0:44  Probe (Chrono Boost)  
  16  0:45  Assimilator  
  17  0:51  Probe  
  18  1:03  Probe  
  19  1:15  Probe  
  20  1:24  Cybernetics Core  
  20  1:32  Nexus  
  20  1:35  Probe  
  21  1:42  Pylon  
  22  1:47  Probe  
  22  1:50  Assimilator  
  22  1:58  Stalker (Chrono Boost)  
  22  1:59  Probe (Chrono Boost)  
  25  2:04  Warp Gate  
  25  2:11  Probe (Chrono Boost)  
  26  2:18  Probe (Chrono Boost)  
  26  2:21  Sentry  
  29  2:25  Probe  
  30  2:39  Probe (Chrono Boost)  
  30  2:40  Twilight Council  
  31  2:44  Probe (Chrono Boost)  
  31  2:49  Stalker  
  35  2:54  Probe x2 (Chrono Boost), Phoenix  
  36  2:58  Gateway  
  36  2:59  Probe (Chrono Boost)  
  36  3:02  Probe (Chrono Boost)  
  38  3:08  Gateway  
  38  3:10  Probe (Chrono Boost)  
  39  3:18  Blink  
  39  3:19  Probe (Chrono Boost)  
  40  3:21  Probe (Chrono Boost)  
  40  3:26  Probe (Chrono Boost)  
  42  3:27  Pylon  
  42  3:28  Probe  
  43  3:34  Assimilator  
  43  3:37  Pylon  
  43  3:38  Probe  
  43  3:40  Probe  
  45  3:50  Probe  
  45  3:52  Probe, Robotics Facility  
  47  4:00  Stalker  
  47  4:02  Probe  
  50  4:03  Stalker x2  
  50  4:05  Probe  
  55  4:14  Probe, Pylon  
  56  4:19  Probe  
  56  4:26  Probe  
  56  4:31  Probe  
  58  4:36  Forge  
  58  4:38  Forge  
  56  4:48  Nexus  
  56  4:51  Observer  
  56  4:52  Probe x2  
  58  5:04  Probe x2, Protoss Ground Armor Level 1 (Chrono Boost)  
  60  5:11  Protoss Ground Weapons Level 1 (Chrono Boost)  
  60  5:14  Observer  
  60  5:16  Probe  
  62  5:25  Probe  
  62  5:28  Probe, Charge  
  63  5:32  Gateway  
  63  5:33  Gateway  
  66  5:59  Zealot x2  
  68  6:12  Gateway  
  68  6:14  Gateway  
  68  6:18  Warp Prism (Chrono Boost), Gateway  
  68  6:21  Pylon  
  68  6:22  Pylon  
  70  6:32  Nexus  
  69  6:45  Probe x2  
  71  6:50  Robotics Bay  
  71  6:56  Protoss Ground Armor Level 2 (Chrono Boost)  
  71  6:57  Probe x2  
  73  7:04  Zealot  
  73  7:05  Zealot x4  
  83  7:08  Zealot  
  83  7:10  Probe  
  83  7:13  Protoss Ground Weapons Level 2 (Chrono Boost)  
  82  7:29  Zealot x6  
  84  7:30  Probe  
  84  7:34  Probe  
  86  7:37  Pylon  
  82  7:45  Observer (Chrono Boost)  
  82  7:49  Probe  
  82  7:50  Probe  
  85  7:57  Probe  
  86  7:59  Sentry  
  86  8:00  Stalker x2, Sentry  
  86  8:02  Stalker  
  86  8:03  Colossus (Chrono Boost)  
  102  8:12  Assimilator x2  
  104  8:13  Pylon  
  104  8:17  Pylon  
  104  8:18  Zealot x3  
  106  8:28  Pylon  
  106  8:30  Pylon  
  106  8:31  Pylon  
  106  8:33  Zealot x4  
  110  8:46  Zealot x4, Colossus (Chrono Boost)  
  100  8:54  Probe x2  
  100  8:55  Sentry x3, Zealot  
  109  9:09  Probe  
  110  9:17  Zealot  
  110  9:18  Zealot x6  
  110  9:22  Protoss Ground Armor Level 3 (Chrono Boost)  
  110  9:23  Probe  
  117  9:30  Probe  
  112  9:43  Zealot x8  
  108  10:07  Zealot x5, Colossus (Chrono Boost)  
  108  10:08  Zealot x3  
  108  10:09  Extended Thermal Lance (Chrono Boost)  
  128  10:18  Probe  
  116  10:23  Nexus  
  116  10:30  Assimilator  
  116  10:33  Pylon  
  116  10:34  Sentry x2  
  116  10:35  Stalker x2  
  124  10:45  Probe x2  
  124  10:49  Disruptor (Chrono Boost)  
  129  10:52  Probe  
  130  10:57  Probe x2  
  130  11:01  Stalker x4, Zealot  
  141  11:04  Probe  
  141  11:07  Pylon  
  141  11:10  Probe  
  143  11:13  Observer (Chrono Boost)  
  143  11:15  Probe  
  143  11:16  Pylon  
  145  11:24  Pylon  
  145  11:30  Dark Shrine, Zealot x4, Disruptor (Chrono Boost)  
  156  11:41  Pylon  
  156  11:55  Disruptor (Chrono Boost)  
  156  12:00  Zealot x8  
  161  12:20  Zealot x4  
  161  12:21  Zealot x3  
  148  12:33  Zealot  
Show
View Real Time Build Order
Export as new Build Order

MaDMarC Terran - Winner!

Build Orders: Liberator Opening, Reaper Expand 

Get SALT Encoding   

  12  0:01  SCV  
  13  0:14  SCV  
  13  0:19  Supply Depot  
  14  0:26  SCV  
  15  0:41  SCV  
  15  0:42  Barracks  
  16  0:45  Refinery  
  16  0:53  SCV  
  17  1:05  SCV  
  18  1:17  SCV  
  19  1:29  Reaper, Orbital Command  
  20  1:39  Command Center  
  20  1:46  Supply Depot  
  20  1:56  SCV  
  21  2:01  Marine  
  21  2:08  SCV  
  23  2:09  Factory  
  23  2:12  Bunker  
  23  2:20  SCV  
  23  2:21  Refinery  
  23  2:22  Barracks Reactor  
  24  2:32  SCV  
  25  2:44  SCV  
  26  2:51  Orbital Command  
  26  2:54  Starport  
  26  2:56  SCV  
  27  2:59  Widow Mine, Marine x2  
  31  3:08  SCV  
  32  3:17  SCV  
  32  3:18  Marine x2  
  35  3:20  SCV, Widow Mine  
  35  3:26  Supply Depot  
  38  3:29  SCV  
  38  3:30  Medivac  
  38  3:32  SCV  
  42  3:36  Marine x2  
  44  3:41  SCV  
  44  3:42  Factory Tech Lab  
  44  3:45  SCV  
  44  3:47  Supply Depot  
  46  3:53  SCV  
  46  3:54  Marine x2  
  49  3:57  SCV  
  49  4:00  Siege Tank  
  53  4:05  SCV, Supply Depot  
  53  4:09  SCV  
  55  4:12  Marine x2  
  55  4:16  Liberator  
  60  4:17  SCV  
  60  4:23  SCV, Supply Depot  
  62  4:29  Marine x2  
  62  4:30  SCV  
  65  4:34  Supply Depot  
  65  4:36  SCV  
  66  4:43  SCV  
  67  4:46  Supply Depot, Siege Tank  
  67  4:47  Marine x2  
  67  4:48  SCV  
  73  4:55  SCV  
  72  5:00  SCV  
  72  5:02  Command Center  
  72  5:05  Marine x2  
  75  5:07  SCV  
  75  5:12  SCV  
  76  5:18  Siege Tank  
  76  5:19  SCV  
  80  5:23  Marine  
  80  5:24  SCV  
  82  5:29  Starport Tech Lab  
  82  5:32  SCV, Engineering Bay, Marine, Barracks  
  82  5:33  Engineering Bay  
  82  5:34  Barracks  
  84  5:37  Refinery  
  84  5:38  SCV  
  84  5:39  Refinery  
  84  5:41  Marine  
  86  5:44  SCV  
  83  5:51  Marine  
  83  5:53  SCV  
  83  5:56  SCV  
  86  5:57  Factory Reactor  
  86  5:58  Bunker x2  
  86  6:01  Starport Reactor, Terran Infantry Weapons Level 1  
  86  6:02  Terran Infantry Armor Level 1  
  86  6:03  Marine  
  87  6:05  SCV  
  87  6:08  SCV  
  86  6:15  Orbital Command  
  86  6:17  SCV  
  86  6:18  Marine, Barracks x2  
  88  6:24  SCV  
  89  6:26  Marine  
  89  6:29  Marauder x2  
  89  6:30  Stimpack  
  93  6:36  Marine  
  93  6:37  Combat Shield  
  93  6:38  SCV  
  95  6:40  Widow Mine  
  95  6:41  Widow Mine  
  95  6:43  Supply Depot  
  95  6:46  Marine  
  100  6:47  Medivac  
  100  6:51  Medivac  
  100  6:53  Marauder  
  105  6:55  Orbital Command  
  105  6:56  SCV x2  
  105  6:59  Marauder  
  109  7:05  Marine, Widow Mine  
  112  7:10  Barracks Tech Lab x2  
  112  7:11  Marine, Widow Mine  
  112  7:15  Marauder  
  117  7:17  Supply Depot  
  117  7:22  Armory, SCV  
  112  7:25  Marine  
  112  7:26  Marauder  
  112  7:27  SCV  
  112  7:29  Widow Mine  
  112  7:31  Medivac  
  112  7:32  Concussive Shells  
  112  7:36  SCV  
  112  7:37  Refinery, Marine  
  115  7:39  Refinery  
  115  7:41  SCV  
  115  7:42  Missile Turret  
  115  7:43  Missile Turret, Marine  
  115  7:48  Marine  
  115  7:49  Marauder x2, Widow Mine  
  119  7:52  SCV x2  
  119  7:54  Missile Turret  
  119  7:55  Medivac  
  119  7:56  Marine x2  
  124  8:01  Medivac, Marine  
  127  8:06  Marine  
  127  8:09  SCV  
  127  8:10  Marauder  
  127  8:11  Supply Depot  
  127  8:12  Supply Depot, Terran Infantry Weapons Level 2  
  131  8:13  Marine  
  131  8:19  Supply Depot  
  132  8:20  Supply Depot  
  132  8:22  Marine  
  133  8:33  Marauder x2, Marine  
  138  8:35  Medivac  
  138  8:36  Terran Infantry Armor Level 2  
  138  8:37  Marine  
  138  8:38  Marauder  
  138  8:40  Supply Depot x2  
  131  8:49  Widow Mine  
  131  8:51  Liberator  
  131  8:52  Marine  
  131  8:54  Marauder  
  131  8:55  Marine  
  130  8:56  Marauder x2  
  130  8:58  SCV, Marine  
  130  9:01  Command Center  
  135  9:10  Marine  
  135  9:16  Marauder  
  131  9:17  Marauder  
  131  9:19  Marauder, Marine  
  127  9:26  Viking  
  127  9:27  Marine x2  
  118  9:33  Starport  
  118  9:34  Viking  
  118  9:36  Marine  
  118  9:37  Marauder  
  123  9:38  Marauder  
  123  9:41  Marauder  
  123  9:44  Marine  
  123  9:45  Terran Ship Weapons Level 1, Marine  
  127  9:54  Marine  
  127  9:58  Viking  
  127  9:59  Marauder x2  
  130  10:01  Marine  
  130  10:03  Marauder, Marine  
  130  10:04  Viking  
  136  10:09  SCV  
  136  10:12  Marine  
  138  10:17  Viking  
  138  10:19  Marine  
  138  10:20  Marauder, Marine  
  136  10:21  Marine  
  136  10:23  SCV  
  136  10:24  Marauder  
  136  10:25  SCV  
  136  10:28  Viking  
  143  10:39  Missile Turret  
  143  10:40  Viking, Missile Turret  
  143  10:41  Marauder  
  145  10:44  Planetary Fortress  
  145  10:47  SCV x2  
  145  10:49  Marine  
  148  10:50  Marine  
  149  10:57  Viking x2  
  149  10:58  Missile Turret  
  149  10:59  Marauder  
  149  11:01  Marauder  
  149  11:03  Marauder  
  159  11:14  Marine x2  
  159  11:15  Supply Depot  
  159  11:16  Marine  
  162  11:20  Marine  
  162  11:22  Marine  
  162  11:23  Marine  
  162  11:24  Viking  
  162  11:25  Ghost Academy  
  167  11:32  Viking, Marine x2  
  166  11:34  Marauder  
  166  11:38  Marauder  
  174  11:40  Marine  
  174  11:41  Marine  
  174  11:45  Supply Depot  
  174  11:46  Supply Depot  
  176  11:50  Marine x2  
  178  11:55  Marauder  
  180  12:06  Marine  
  180  12:07  Marauder x2  
  180  12:08  Marine x2  
  184  12:17  Marauder  
Tags
 
Add a new tag
Caveats
  • Supply blocks, unpowered buildings, or Contaminate may cause inaccurate times.
  • Supply counts are checked every 10 seconds.